 Dungeon Crawl Stone Soup version 0.31.0-11-ge490571c62 (webtiles) character file.

Game seed: 8288425977647651213

663 qw the Nimble (level 7, -3/35 HPs)
             Began as a Spriggan Hunter on Feb 4, 2024.
             Killed from afar by an orc wizard (6 damage)
             ... with a magic dart
             ... on level 5 of the Dungeon.
             The game lasted 00:00:36 (3292 turns).

qw the Nimble (Spriggan Hunter)                     Turns: 3292, Time: 00:00:37

Health: -3/35      AC:  3    Str:  7    XL:     7   Next: 31%
Magic:  8/8        EV: 31    Int: 10    God:
Gold:   197        SH:  0    Dex: 27    Spells: 6/6 levels left

rFire   . . .        a - +0 shortbow
rCold   . . .        (shield currently unavailable)
rNeg    . . .        c - +0 robe
rPois   .            (helmet restricted)
rElec   .            d - +0 cloak
rCorr   .            (gloves unavailable)
SInv    +            (boots unavailable)
Will    +....        (no amulet)
Stlth   +++          e - +6 ring of dexterity
HPRegen 0.25/turn    b - +5 ring of evasion
MPRegen 0.11/turn

%: no passive effects
@: very quick
A: very small, no large weapons, unfitting armour, see invisible, speed 3
a: no special abilities


You were on level 5 of the Dungeon.
You visited 1 branch of the dungeon, and saw 5 of its levels.

You collected 287 gold pieces.
You spent 90 gold pieces at shops.


Innate Abilities, Weirdness & Mutations

You are very small and have problems with some larger weapons.
You are too small for most types of armour.
You have supernaturally acute eyesight. (SInv)
You cover ground extremely quickly. (Speed+++)


   Skills:
 - Level 2.0 Fighting
 + Level 6.3 Ranged Weapons
 - Level 8.4 Dodging
 - Level 1.5 Stealth


You had 6 spell levels left.
You didn't know any spells.
Your spell library was empty.

Inventory:

Hand Weapons
 a - a +0 shortbow (weapon)
Armour
 c - a +0 robe (worn)
 d - a +0 cloak (worn)
Jewellery
 b - a +5 ring of evasion (right hand)
 e - a +6 ring of dexterity (left hand)
Potions
 f - a potion of mutation {unknown}
 h - a potion of cancellation {unknown}
 i - a potion of haste {unknown}
 j - a potion of enlightenment
 m - 3 potions of curing

Dungeon Overview and Level Annotations

Branches:
Dungeon (5/15)
 Temple: D:4-7

Altars:
Trog
Zin

Shops:
D:2 !   D:3 *[!(   D:4 *=

Annotations:
D:3 2 runed translucent doors, qw's ghost, amateur SpHu


Message History

The magic dart hits you!
Enter note:
Enter note:
3284 ||| RETREEEEATING.
You shoot an arrow. The arrow hits the orc warrior.
The orc warrior is moderately wounded.
The orc warrior hits you with a +0 broad axe!
You shoot an arrow. The arrow hits the orc warrior.
The orc warrior is moderately wounded.
The orc warrior completely misses you.
An orc comes into view. It is wielding a +0 whip.
You shoot an arrow.
The arrow closely misses the orc warrior.
The arrow hits the bombardier beetle.
The bombardier beetle is heavily wounded.
The orc wizard misses you. The orc warrior misses you.
You shoot an arrow.
The arrow closely misses the orc warrior.
The arrow hits the bombardier beetle.
The bombardier beetle is almost dead.
The orc warrior barely misses you. The orc wizard casts a spell at you.
The magic dart hits you.
You shoot an arrow. The arrow hits the orc warrior!
The orc warrior is severely wounded.
The orc warrior closely misses you. The orc wizard closely misses you.
You shoot an arrow. The arrow hits the orc warrior.
The orc warrior is severely wounded.
The orc wizard hits you with a +0 dagger.
The orc warrior closely misses you.
You shoot an arrow.
The arrow closely misses the orc warrior.
The arrow barely misses the bombardier beetle.
The orc warrior completely misses you.
You shoot an arrow. The arrow hits the orc warrior!
You kill the orc warrior!
The orc closely misses you.
The orc wizard points at you and mumbles some strange words.
The magic dart hits you.
You die...

### ## #>..
############## #. ....
#............# #.
#..###............###.
#.B)@o...............
##.##o...........####
.oo..................
###.#################.
#. ###. o. #... oo
#... .. #... #...


You could see a bombardier beetle, 2 orc wizards and an orc.

Vanquished Creatures
  Prince Ribbit (D:5)
  A black bear (D:4)
  An orc warrior (D:5)
  An ogre (D:5)
  A hound (D:4)
  A sleepcap (D:4)
  2 iguanas (D:5)
  2 orc wizards (D:4)
  6 adders
  A ribbon worm (D:2)
  4 orcs
  10 endoplasms
  5 giant cockroaches
  4 goblins
  7 hobgoblins
  11 jackals
  3 quokkas (D:1)
  8 ball pythons
  7 bats
  5 frilled lizards
  2 kobolds
  5 rats
88 creatures vanquished.

Notes
Turn   | Place    | Note
-------+----------+-------------------------------------------
     0 | D:1      | qw the Spriggan Hunter began the quest for the Orb.
     0 | D:1      | Reached XP level 1. HP: 10/10 MP: 2/2
     0 | D:1      | 0 ||| qw: Version: 0.3-a-160-g6735b56
     0 | D:1      | 0 ||| qw: Game counter: 5912
     0 | D:1      | 0 ||| qw: Melee chars always use a shield: true
     0 | D:1      | 0 ||| qw: God list: Okawaru
     0 | D:1      | 0 ||| qw: Allow faded altars: false
     0 | D:1      | 0 ||| qw: Do Orc after clearing Dungeon:15 true
     0 | D:1      | 0 ||| qw: Do second Lair branch before Depths: true
     0 | D:1      | 0 ||| qw: Lair rune preference: random
     0 | D:1      | 0 ||| qw: Goals: Normal
     0 | D:1      | 0 ||| PLANNING D:1-11
    43 | D:1      | Reached skill level 3 in Dodging
    68 | D:1      | HP: 2/10 [quokka (4)]
    70 | D:1      | Reached XP level 2. HP: 3/14 MP: 3/3
   208 | D:1      | Reached skill level 4 in Dodging
   428 | D:1      | Reached XP level 3. HP: 18/18 MP: 4/4
   652 | D:1      | 652 ||| UPGRADING to +6 ring of strength.
   653 | D:1      | 653 ||| READING scroll labelled HAIWUD WAJIXYDIKH.
   653 | D:1      | 653 ||| IDENTIFYING gluggy clear potion
   654 | D:1      | 654 ||| READING scroll labelled SOREBR TAVO.
   658 | D:1      | 658 ||| DROPPING scroll of butterflies.
   816 | D:2      | Found Vacheen's Distillery.
   822 | D:2      | Reached XP level 4. HP: 22/22 MP: 5/5
   843 | D:2      | 843 ||| SHOPLISTING 2 potions of cancellation (224 gold,
                  | have 70).
   843 | D:2      | 843 ||| BUYING potion of enlightenment (70 gold).
   843 | D:2      | Bought a potion of enlightenment for 70 gold pieces
   843 | D:2      | 843 ||| SHOPLISTING potion of enlightenment (70 gold, have
                  | 0).
   843 | D:2      | 843 ||| SHOPLISTING potion of resistance (140 gold, have
                  | 0).
  1102 | D:2      | 1102 ||| UPGRADING to +5 ring of evasion.
  1103 | D:2      | 1103 ||| UPGRADING to +6 ring of dexterity.
  1105 | D:2      | 1105 ||| DROPPING +6 ring of strength.
  1106 | D:2      | 1106 ||| READING 3 scrolls of identify.
  1106 | D:2      | 1106 ||| IDENTIFYING brown potion
  1107 | D:2      | 1107 ||| READING 2 scrolls of identify.
  1107 | D:2      | 1107 ||| IDENTIFYING 2 golden potions
  1108 | D:2      | 1108 ||| READING scroll of identify.
  1108 | D:2      | 1108 ||| IDENTIFYING 3 coppery potions
  1109 | D:2      | 1109 ||| READING scroll labelled MADIHU MOCW.
  1210 | D:2      | 1210 ||| DROPPING 2 potions of degeneration.
  1211 | D:2      | 1211 ||| DROPPING potion of lignification.
  1259 | D:3      | Found Etaog's Distillery.
  1266 | D:3      | 1266 ||| SHOPLISTING potion of curing (30 gold, have 7).
  1266 | D:3      | 1266 ||| SHOPLISTING potion of haste (100 gold, have 7).
  1266 | D:3      | 1266 ||| SHOPLISTING potion of heal wounds (50 gold, have
                  | 7).
  1266 | D:3      | 1266 ||| SHOPLISTING potion of might (40 gold, have 7).
  1266 | D:3      | 1266 ||| SHOPLISTING potion of mutation (80 gold, have 7).
  1385 | D:3      | Reached skill level 5 in Dodging
  1402 | D:3      | Found Cekeott's Antique Armour Emporium.
  1418 | D:3      | Found a large runed translucent door.
  1418 | D:3      | Found a large runed translucent door.
  1422 | D:3      | Noticed qw's ghost (amateur SpHu)
  1476 | D:3      | Found Lumop's Assorted Antiques.
  1483 | D:3      | 1483 ||| SHOPLISTING 2 potions of heal wounds (230 gold,
                  | have 20).
  1483 | D:3      | 1483 ||| BUYING fizzy grey potion (20 gold).
  1483 | D:3      | Bought a fizzy grey potion for 20 gold pieces
  1483 | D:3      | 1483 ||| SHOPLISTING fuming ruby potion (20 gold, have 0).
  1483 | D:3      | 1483 ||| SHOPLISTING lumpy black potion (20 gold, have 0).
  1483 | D:3      | 1483 ||| SHOPLISTING potion of curing (69 gold, have 0).
  1483 | D:3      | 1483 ||| SHOPLISTING scroll of identify (46 gold, have 0).
  1710 | D:3      | Found Ethrot Manaja's Antique Weapon Boutique.
  1717 | D:3      | 1717 ||| SHOPLISTING runed shortbow (174 gold, have 10).
  1717 | D:3      | 1717 ||| SHOPLISTING translucent orcbow (246 gold, have
                  | 10).
  1814 | D:3      | Found a glowing silver altar of Zin.
  1915 | D:3      | 1915 ||| READING scroll labelled RIAVOB TIFUHO.
  1916 | D:3      | 1916 ||| READING scroll labelled EPPOGAM KOTZU.
  2058 | D:4      | Reached XP level 5. HP: 25/25 MP: 6/6
  2143 | D:4      | Found Ciuzuk's Jewellery Shoppe.
  2160 | D:4      | 2160 ||| SHOPLISTING amulet of faith (400 gold, have 96).
  2160 | D:4      | 2160 ||| SHOPLISTING amulet of reflection (300 gold, have
                  | 96).
  2160 | D:4      | 2160 ||| SHOPLISTING amulet of the acrobat (300 gold, have
                  | 96).
  2160 | D:4      | 2160 ||| SHOPLISTING ring of protection from fire (250
                  | gold, have 96).
  2319 | D:4      | Found Taomoeg's Gadget Gallery.
  2336 | D:4      | Noticed a black bear
  2348 | D:4      | Killed a black bear
  2349 | D:4      | Reached skill level 7 in Dodging
  2410 | D:4      | Reached XP level 6. HP: 13/30 MP: 7/7
  2414 | D:4      | HP: 3/30 [orc/+0 falchion (7)]
  2415 | D:4      | 2415 ||| READING scroll of teleportation.
  2416 | D:4      | 2416 ||| DRINKING potion of heal wounds.
  2974 | D:4      | 2974 ||| UPGRADING to +0 cloak.
  2979 | D:4      | 2979 ||| READING scroll labelled FOSCHIU APLAWE.
  3000 | D:5      | Entered Level 5 of the Dungeon
  3000 | D:5      | Found a bloodstained altar of Trog.
  3005 | D:5      | Reached skill level 6 in Ranged Weapons
  3025 | D:5      | Noticed Prince Ribbit
  3026 | D:5      | 3026 ||| RETREEEEATING.
  3038 | D:5      | 3038 ||| RETREEEEATING.
  3048 | D:5      | Killed Prince Ribbit
  3049 | D:5      | Reached skill level 8 in Dodging
  3049 | D:5      | Reached XP level 7. HP: 32/35 MP: 8/8
  3284 | D:5      | 3284 ||| RETREEEEATING.
  3285 | D:5      | HP: 5/35 [orc warrior/+0 broad axe (16)]
  3290 | D:5      | HP: 2/35 [orc wizard/+0 dagger (2)]
  3292 | D:5      | Killed from afar by an orc wizard

Levels and vault maps discovered:
D:1:      lemuel_arrival_room, layout_basic, fountainhead
D:2:      layout_rooms, serial_shops, shop, minmay_tetromino_o4
D:3:      layout_loops_ring, zin_scriptorium, serial_shops,
          nicolae_shop_advertising_works [nicolae_subvault_shop_adworks],
          nicolae_shop_crystal, nicolae_shop_just_a_little_nook, shop,
          ebering_ghost_disaster_area, moated_statue
D:4:      layout_loops_corners, serial_shops, shop_coins,
          minmay_misc_feat_alley, nicolae_shop_gadgets
D:5:      layout_basic, bloody_trog, minmay_temple_entry_wispy,
          ebering_ghost_reflecting_pool, nicolae_shop_overcharged_wands,
          uniq_prince_ribbit1

Skill      XL: |  1  2  3  4  5  6 |
---------------+-------------------+-----
Dodging        | 3 4 5 7 8 |  8.4
Ranged Weapons | 5 6 |  6.3
Fighting       | 2 |  2.0
Stealth        | |  1.5

Action                     |  1- 3 |  4- 6 |  7- 9 || total
---------------------------+-------+-------+-------++-------
   Fire: Shortbow          |   110 |   125 |    39 ||   274
    Use: Scroll            |     2 |     8 |       ||    10
         Potion            |       |     1 |       ||     1
 Armour: Robe              |     7 |    13 |     9 ||    29
  Dodge: Dodged            |    21 |    57 |    36 ||   114

Table legend:
 A = Non-vault XP
 B = Vault XP
 C = Vault XP percentage of total XP
 D = Non-vault monster count
 E = Vault monster count
 F = Vault count percentage of total count
                 A         B        C        D         E       F
            +---------+---------+-------+---------+---------+-------
      Total |     809 |     272 |  25.2 |      83 |       5 |   5.7
            +---------+---------+-------+---------+---------+-------
        D:1 |      57 |       0 |   0.0 |      34 |       0 |   0.0
        D:2 |      49 |       8 |  14.0 |      15 |       4 |  21.1
        D:3 |      52 |       0 |   0.0 |      11 |       0 |   0.0
        D:4 |     315 |       0 |   0.0 |      17 |       0 |   0.0
        D:5 |     336 |     264 |  44.0 |       6 |       1 |  14.3
            +---------+---------+-------+---------+---------+-------
